 Dungeon Crawl Stone Soup version 0.31-a0-202-g547052bce9 (webtiles) character file.

Game seed: 6805234384735594952

32 qw the Shooter (level 3, 0/20 HPs)
             Began as a Deep Elf Hunter on June 25, 2023.
             Succumbed to their own poison gas
             ... on level 1 of the Dungeon.
             The game lasted 00:00:20 (745 turns).

qw the Shooter (Deep Elf Hunter)                     Turns: 745, Time: 00:00:20

Health: 0/20       AC:  5    Str: 10    XL:     3   Next: 10%
Magic:  5/5        EV: 11    Int: 13    God:
Gold:   11         SH:  0    Dex: 18    Spells: 2/2 levels left

rFire   . . .        Y - +1 shortbow
rCold   + . .        (shield currently unavailable)
rNeg    . . .        e - +0 ring mail
rPois   .            (no helmet)
rElec   .            (no cloak)
rCorr   .            (no gloves)
SInv    .            (no boots)
Will    .....        (no amulet)
Stlth   +            g - ring of protection from cold
HPRegen 0.23/turn    (no ring)
MPRegen 0.09/turn

%: no passive effects
@: lethally poisoned (0 -> -10)
A: no striking features
a: no special abilities


You were on level 1 of the Dungeon.
You visited 1 branch of the dungeon, and saw 1 of its levels.

You collected 11 gold pieces.


   Skills:
 - Level 1.5 Fighting
 + Level 6.7 Ranged Weapons
 - Level 2.4 Dodging
 - Level 1.2 Stealth


You had 2 spell levels left.
You didn't know any spells.
Your spell library was empty.

Inventory:

Hand Weapons
 Y - a +1 shortbow (weapon)
Armour
 e - a +0 ring mail (worn)
Jewellery
 g - a ring of protection from cold (left hand)
Potions
 f - a potion of curing {unknown}

Dungeon Overview and Level Annotations

Branches:
Dungeon (1/15)

Altars:


Message History

You finish putting on your +0 ring mail.
737 ||| DROPPING +0 leather armour.
You drop a +0 leather armour.
Done exploring.
738 ||| UPGRADING to ring of protection from cold.
g - a ring of protection from cold (left hand) Done exploring.
739 ||| READING scroll labelled JOSTEX CEEHEMP.
The air fills with toxic fumes!
As you read the scroll labelled JOSTEX CEEHEMP, it crumbles to dust.
It was a scroll of poison.
Done exploring.
740 ||| READING scroll labelled UBBEISS JIOSM.
As you read the scroll labelled UBBEISS JIOSM, it crumbles to dust.
It is a scroll of enchant weapon.
Your +0 shortbow glows red for a moment.
Done exploring.
741 ||| DROPPING scroll of butterflies.
You drop a scroll of butterflies.
Done exploring.
(D) Dungeon
Where to? (* - list waypoints, ? - help)
What level of the Dungeon? (default 1, ? - help) Sorry, I don't know how to get there.
Enter note:
Enter note:
Enter note:
Enter note:
Enter note:
Enter note: Really walk into that cloud of poison gas?
You are engulfed in poison gas.
You are lethally poisoned!
You feel very sick.
743 ||| Stepping ~*~*~tactically~*~*~ (cloud).
You feel very sick.
Things that are here:
a scroll of butterflies; a +0 leather armour
There is a lethal amount of poison in your body!
You feel very sick.
There is a lethal amount of poison in your body!
You die...

##.##...# #...........###.#
....#'#.# ##........(.....#
##.##.#># #.####.###.#####
##.##'#.# ###.####.##...##
...##.#.# #....¤##.#.....##
##.##'### #.###¤##........#
####...#####.# #¤0.........#
.'.'.<.'.¤¤¤¤###¤#.#.......#
####...#####¤¤¤¤@#.##.....##
##'## #######.###...## #.#
#.# ##### #+# #.# #.# #.#
#'############.#
#..............#
######.#############
.......#


There were no monsters in sight!

Vanquished Creatures
  A dart slug (D:1)
  2 giant cockroaches (D:1)
  3 goblins (D:1)
  A hobgoblin (D:1)
  5 kobolds (D:1)
  4 quokkas (D:1)
  5 bats (D:1)
  4 frilled lizards (D:1)
  4 rats (D:1)
29 creatures vanquished.

Notes
Turn   | Place    | Note
-------+----------+-------------------------------------------
     0 | D:1      | qw the Deep Elf Hunter began the quest for the Orb.
     0 | D:1      | Reached XP level 1. HP: 12/12 MP: 3/3
     0 | D:1      | 0 ||| qw: Version: 0.3-a-22-g0ed2b0b
     0 | D:1      | 0 ||| qw: Game counter: 5715
     0 | D:1      | 0 ||| qw: Melee chars always use a shield: true
     0 | D:1      | 0 ||| qw: God list: Okawaru
     0 | D:1      | 0 ||| qw: Allow faded altars: false
     0 | D:1      | 0 ||| qw: Do Orc after clearing Dungeon:15 true
     0 | D:1      | 0 ||| qw: Do second Lair branch before Depths: true
     0 | D:1      | 0 ||| qw: Lair rune preference: random
     0 | D:1      | 0 ||| qw: Goals: Normal
     0 | D:1      | 0 ||| PLANNING D:1-11
   106 | D:1      | Reached XP level 2. HP: 10/16 MP: 4/4
   160 | D:1      | Reached skill level 6 in Ranged Weapons
   607 | D:1      | Reached XP level 3. HP: 20/20 MP: 5/5
   727 | D:1      | 727 ||| UPGRADING to +0 ring mail.
   737 | D:1      | 737 ||| DROPPING +0 leather armour.
   738 | D:1      | 738 ||| UPGRADING to ring of protection from cold.
   739 | D:1      | 739 ||| READING scroll labelled JOSTEX CEEHEMP.
   740 | D:1      | 740 ||| READING scroll labelled UBBEISS JIOSM.
   741 | D:1      | 741 ||| DROPPING scroll of butterflies.
   743 | D:1      | 743 ||| Stepping ~*~*~tactically~*~*~ (cloud).
   743 | D:1      | HP: 5/20 [poisoned by you (poison gas)]
   744 | D:1      | HP: 1/20 [poisoned by you (poison gas)]
   745 | D:1      | Succumbed to their own poison gas

Levels and vault maps discovered:
D:1:      minmay_arrival_doors, layout_loops_ring

Skill      XL: |  1  2 |
---------------+-------+-----
Ranged Weapons | 6 |  6.7
Fighting       | |  1.5
Dodging        | |  2.4
Stealth        | |  1.2

Action                     || total
---------------------------++-------
   Fire: Shortbow          ||    83
    Use: Scroll            ||     2
 Armour: Leather armour    ||     6
  Dodge: Dodged            ||    30

Table legend:
 A = Non-vault XP
 B = Vault XP
 C = Vault XP percentage of total XP
 D = Non-vault monster count
 E = Vault monster count
 F = Vault count percentage of total count
                 A         B        C        D         E       F
            +---------+---------+-------+---------+---------+-------
      Total |      47 |       0 |   0.0 |      29 |       0 |   0.0
            +---------+---------+-------+---------+---------+-------
        D:1 |      47 |       0 |   0.0 |      29 |       0 |   0.0
            +---------+---------+-------+---------+---------+-------
